 Dungeon Crawl Stone Soup version 0.30-a0-639-g3916f1956a (console) character file.

Game seed: 13448199247889684654

21 petzl the Sneak (level 3, -4/28 (29) HPs)
             Began as a Formicid Delver on Jan 16, 2023.
             Slain by a troll (8 damage)
             ... on level 9 of the Dungeon.
             The game lasted 00:07:09 (899 turns).

petzl the Sneak (Formicid Delver)                    Turns: 899, Time: 00:07:10

HP:   -4/28 (29)    AC:  4    Str: 16    XL:     3   Next: 2%
MP:   6/6           EV: 12    Int: 11    God:
Gold: 106           SH:  0    Dex: 15    Spells: 6/6 levels left

rFire   + . .      SeeInvis +    a - +0 mace
rCold   . . .      Faith    .    (no shield)
rNeg    . . .      Spirit   .    k - +0 leather armour {rF+}
rPois   .          Reflect  .    (helmet unavailable)
rElec   .          Harm     .    j - +0 cloak
rCorr   .          Rampage  .    (no gloves)
Will    .....                    (no boots)
Stlth   +++                      (no amulet)
HPRegen 0.24/turn                (no ring)
MPRegen 0.10/turn                (no ring)

@: lightly drained
A: permanent stasis, dig shafts and tunnels, antennae 3, four strong arms
a: Dig, Shaft Self


You were on level 9 of the Dungeon.
You visited 1 branch of the dungeon, and saw 7 of its levels.

You collected 106 gold pieces.

Inventory:

Hand Weapons
 a - a +0 mace (weapon)
 b - a +0 spear {!f =f}
Armour
 j - a +0 cloak (worn)
 k - a +0 leather armour of fire resistance (worn)
Jewellery
 e - an amulet of faith
Wands
 g - a wand of digging (3)
Scrolls
 c - a scroll of fog
 d - a scroll of magic mapping
 h - a scroll of identify {unknown}
Potions
 i - 2 potions of lignification {unknown}


   Skills:
 - Level 3.2 Fighting
 - Level 2.0 Maces & Flails
 - Level 1.7 Dodging
 - Level 6.0 Stealth
 + Level 2.3 Spellcasting


You had 6 spell levels left.
You didn't know any spells.
Your spell library contained the following spells:

 Spells                   Type           Power      Damage    Failure   Level
 Summon Small Mammal      Summ           4%         N/A       34%         1
 Sublimation of Blood     Necr           1%         N/A       45%         2
 Wereblood                Tmut           1%         N/A       45%         2
 Call Canine Familiar     Summ           1%         N/A       71%         3
 Summon Guardian Golem    Hex/Summ       1%         N/A       71%         3
 Passage of Golubria      Tloc           1%         N/A       98%         4
 Silence                  Hex/Air        0%         N/A       100%        5
 Summon Hydra             Summ           0%         N/A       100%        7
 Lehudib's Crystal Spear  Conj/Erth      0%         10d2      100%        8


Dungeon Overview and Level Annotations

Branches:
Dungeon (11/15)
 Temple: D:4-7         Lair: D:8-11         Orc: D:9-12

Altars:

Shops:
D:6 =

Annotations:
D:5 exclusion: upstairs
D:10 exclusions: 2 downstairs, howler monkey, two-headed ogre and vampire


Innate Abilities, Weirdness & Mutations

You cannot be hasted, slowed, berserked, paralysed or teleported.
You can dig through walls and to a lower floor.
You have a pair of large antennae on your head. (SInv)
Your four strong arms can wield two-handed weapons with a shield.


Message History

A gnoll comes into view. It is wielding a +0 whip.
The gnoll sergeant enters a dispersal trap!
The gnoll blinks!
You feel a strange sense of stasis.
The gnoll sergeant blinks!
The gnoll moves out of view.
You see here a +0 leather armour.
Really walk into a travel-excluded area?
A howler monkey comes into view.
There is an escape hatch in the floor here.
You slide downwards.
The hatch slams shut behind you.
Found a cloak.
You see here a +0 cloak.
You open the door.
There is an open door here.
You open the door.
There is an open door here.
The hound barks!
You hear a bark!
The wolf howls!
A hound comes into view. x2
There is a stone staircase leading up here.
You climb upwards.
Level annotation: exclusions: downstairs, howler monkey, two-headed ogre and vampire
There is a stone staircase leading down here.
Press: ? - help, v - describe, . - travel A stone staircase leading down.
Placed new exclusion.
Reduced exclusion size to a single square.
Unknown command.
Unknown command.
There is an escape hatch in the ceiling, spattered with blood here.
A mysterious force pulls you upwards. The hatch slams shut behind you.
The yak bellows!
The yak gores you. The troll barely misses you. The troll closely misses you.
The troll claws you!
You extend your mandibles.
You dig through the rock wall.
You feel drained. The yak attacks as you move away! The yak gores you.
The troll attacks as you move away! The troll bites you.
* * * LOW HITPOINT WARNING * * *
The troll claws you.
* * * LOW HITPOINT WARNING * * *
The troll claws you!
You die...

.# .# .#
####.######
#..........
#..........
##.T........
#.@.Y.......
##.Y..Y.....
#..........
#..........
#######Y###
.# #


You could see 4 yaks and a troll.

Vanquished Creatures
  2 gnolls (D:10)
  A giant cockroach (D:5)
3 creatures vanquished.

Notes
Turn   | Place    | Note
-------+----------+-------------------------------------------
     0 | D:5      | petzl the Formicid Delver began the quest for the Orb.
     0 | D:5      | Reached XP level 1. HP: 18/18 MP: 1/1
    30 | D:4      | Noticed an iguana
   132 | D:6      | Found Heihyi's Jewellery Shop.
   132 | D:6      | Noticed a hound
   133 | D:6      | Noticed a phantom
   145 | D:5      | You fall into a shaft and drop 3 floors!
   187 | D:8      | Noticed a two-headed ogre
   219 | D:8      | You fall into a shaft and drop 3 floors!
   230 | D:11     | Noticed a wolf
   230 | D:11     | Noticed a hound
   232 | D:10     | Entered Level 10 of the Dungeon
   232 | D:10     | Noticed a troll
   237 | D:9      | Noticed a yak
   237 | D:9      | Noticed a yak
   237 | D:9      | Noticed a yak
   237 | D:9      | Noticed a yak
   243 | D:9      | You fall into a shaft and drop 2 floors!
   334 | D:11     | Noticed a yak
   334 | D:11     | Noticed a yak
   334 | D:11     | Noticed a yak
   490 | D:11     | Noticed a hound
   490 | D:11     | Noticed a troll
   512 | D:11     | Noticed a two-headed ogre
   541 | D:10     | Noticed a howler monkey
   551 | D:10     | Noticed a vampire
   564 | D:10     | Noticed a two-headed ogre
   667 | D:10     | Reached skill level 1 in Spellcasting
   667 | D:10     | Reached XP level 2. HP: 13/24 MP: 1/4
   718 | D:10     | Reached XP level 3. HP: 19/29 MP: 4/6
   766 | D:10     | Noticed a gnoll sergeant
   899 | D:9      | Slain by a troll

Illustrated notes

Levels and vault maps discovered:
D:4:      layout_basic, minmay_manual_mail, uniq_pikel
D:5:      layout_cave_pools
D:6:      layout_gridville, temple_pool_b, serial_shops, nicolae_shop_trees,
          kennysheep_flooded_box, uniq_grinder
D:8:      cheibrodos_statue_roulette, layout_loops_ring, lemuel_doored_altar
D:9:      layout_roguey, grunt_temple_overflow_open, serial_shops,
          nicolae_shop_waterfront
D:10:     layout_loops_ring, uniq_harold
D:11:     layout_roguey, erik_lair_island

Skill      XL: |  1  2 |
---------------+-------+-----
Spellcasting   | 1 2 |  2.3
Fighting       | |  3.2
Maces & Flails | |  2.0
Dodging        | |  1.7
Stealth        | |  6.0

Action                   || total
-------------------------++-------
Melee: Mace              ||    17
Throw: Stone             ||     8
 Abil: Shaft Self        ||     3
       Dig               ||     1
  Use: Scroll            ||     1
Armor: Leather armour    ||     5
Dodge: Dodged            ||    16

Table legend: (Time is in decaauts)
 A = Elapsed time spent in this place.
 B = Non-inter-level travel time spent in this place.
 C = Inter-level travel time spent in this place.
 D = Time resting spent in this place.
 E = Time spent auto-exploring this place.
 F = Levels seen in this place.
 G = Mean time per level.
                   A        B        C        D        E       F      G
               +--------+--------+--------+--------+--------+-----+--------+
         Total |    905 |    905 |      0 |    171 |     32 |   7 |  129.3 |
       Dungeon |    905 |    905 |      0 |    171 |     32 |   7 |  129.3 |
               +--------+--------+--------+--------+--------+-----+--------+

Top non-repeatable levels by time:
    D:10: 360 daAuts
    D:11: 316 daAuts
     D:6: 88 daAuts
     D:8: 73 daAuts
     D:5: 57 daAuts
     D:9: 7 daAuts
     D:4: 1 daAuts
